AoeStats
← 2228575683

Arena

507474791Analyzed
4v4 RM · 13d ago on Sep 18, 2026· 64m 0s· 8 players
Game mode
Random Map
Map size
Large (8 player)
Population
200
Speed
Normal
Resources
Standard
Victory
Conquest
Starting age
Dark Age
Ending age
Imperial Age
RankedLock teamsTeams togetherTeam positionsShared explorationLock speedFull tech treeHidden civsTurbo modeCheats
Victory
Defeat
🇨🇳 Teutons · China
914
+12
🇨🇳 Romans · China
899
+13
🇨🇳 Magyars · China
897
+13
🇨🇳 Vietnamese · China
865
+15
🇨🇳 Khitans · China
849
-14
🇨🇳 Chinese · China
842
-13
🇭🇰 Portuguese · Hong Kong SAR China
824
-13
🇨🇳 Italians · China
815
-13
Wololo
0:27 Loom
9:50 Feudal Age
14:47 Castle Age
12:59 Double-Bit Axe
13:15 Horse Collar
14:13 Stone Mining
15:12 Wheelbarrow
22:40 Bow Saw
22:32 Heavy Plow
22:56 Gold Mining
25:49 Stone Shaft Mining
28:23 Imperial Age
26:08 Hand Cart
26:28 Ballistics
26:02 Fletching
26:13 Padded Archer Armor
27:13 Thumb Ring
27:27 Bodkin Arrow
27:47 Leather Archer Armor
29:37 Conscription
29:32 Bracer
30:02 Ring Archer Armor
29:51 Town Watch
31:27 Chemistry
32:08 Elite Genoese Crossbowman
48:41 Two-Man Saw
50:25 Forging
50:20 Scale Barding Armor
50:53 Bloodlines
50:43 Husbandry
50:32 Light Cavalry
51:01 Hussar
51:34 Hussar
53:12 Iron Casting
52:57 Chain Barding Armor
54:38 Blast Furnace
57:52 Plate Barding Armor
Smallfung
11:32 Feudal Age
16:17 Castle Age
14:13 Gold Mining
14:24 Double-Bit Axe
18:06 Treadmill Crane
21:18 Imperial Age
23:42 Chemistry
23:14 Stone Mining
24:39 Bow Saw
25:17 Stone Shaft Mining
29:30 Wheelbarrow
30:07 Two-Man Saw
31:14 Bombard Tower
30:48 Fletching
31:32 Hand Cart
32:23 Bodkin Arrow
32:41 Fortified Wall
32:52 Ballistics
32:28 Murder Holes
32:42 Town Watch
32:43 Loom
33:20 Bracer
37:34 Arquebus
37:54 Conscription
37:36 Circumnavigation
41:12 Masonry
45:39 Town Patrol
48:39 Architecture
52:38 Elite Organ Gun
蝼蚁
10:39 Feudal Age
17:42 Castle Age
15:50 Double-Bit Axe
15:57 Domestication
16:24 Stone Mining
16:56 Gold Mining
18:28 Pastoralism
19:59 Bow Saw
20:18 Scale Barding Armor
20:58 Town Watch
21:51 Wheelbarrow
21:27 Loom
23:02 Hand Cart
25:59 Stone Shaft Mining
25:39 Forging
25:30 Scale Mail Armor
28:12 Squires
27:57 Gambesons
27:58 Arson
32:22 Imperial Age
30:20 Lamellar Armor
32:11 Chain Mail Armor
32:31 Iron Casting
34:25 Plate Mail Armor
34:34 Transhumance
35:06 Two-Man Saw
33:38 Capped Ram
34:02 Elite Liao Dao
34:23 Siege Ram
40:01 Ballistics
39:47 Siege Engineers
40:43 Chemistry
45:55 Chain Barding Armor
45:41 Husbandry
46:14 Elite Steppe Lancer
49:28 Plate Barding Armor
风中有朵蒲公英
11:53 Feudal Age
15:39 Castle Age
14:36 Double-Bit Axe
17:09 Bow Saw
16:44 Horse Collar
22:22 Stone Mining
23:51 Heavy Plow
26:10 Crossbowman
27:17 Fletching
29:05 Wheelbarrow
33:09 Imperial Age
32:03 Gold Mining
35:06 Scale Mail Armor
36:25 Chain Mail Armor
36:48 Forging
38:29 Plate Mail Armor
39:01 Arbalester
39:47 Thumb Ring
44:44 Light Cavalry
46:08 Pikeman
56:39 Man-at-Arms
58:54 Long Swordsman
60:41 Cavalier
Light
10:34 Feudal Age
14:49 Castle Age
13:41 Double-Bit Axe
13:38 Horse Collar
23:06 Bow Saw
22:58 Heavy Plow
23:37 Wheelbarrow
22:48 Town Watch
22:50 Loom
22:51 Town Watch
24:35 Gold Mining
26:55 Fortified Wall
29:54 Imperial Age
27:42 Hand Cart
28:13 Scale Mail Armor
28:24 Forging
29:30 Chain Mail Armor
29:18 Squires
30:31 Iron Casting
29:33 Pikeman
31:54 Gold Shaft Mining
31:13 Stone Mining
30:49 Halberdier
33:10 Blast Furnace
32:18 Capped Ram
32:56 Man-at-Arms
33:12 Siege Ram
33:40 Long Swordsman
34:22 Legionary
43:38 Heavy Scorpion
50:16 Ballistics
50:08 Masonry
50:04 Siege Engineers
59:17 Guilds
60:29 Chemistry
59:25 Murder Holes
60:01 Architecture
62:31 Coinage
2228575683
0:56 Loom
13:02 Feudal Age
15:26 Double-Bit Axe
20:56 Castle Age
19:49 Horse Collar
28:33 Bow Saw
28:37 Scale Barding Armor
31:20 Imperial Age
29:26 Wheelbarrow
29:06 Treadmill Crane
29:41 Masonry
30:28 Stone Mining
30:32 Gold Mining
31:31 Chain Barding Armor
32:14 Corvinian Army
32:36 Conscription
32:19 Corvinian Army
33:32 Gold Shaft Mining
33:35 Plate Barding Armor
34:24 Hand Cart
34:47 Husbandry
34:57 Bloodlines
36:29 Two-Man Saw
35:31 Heavy Plow
36:55 Elite Magyar Huszar
40:15 Elite Skirmisher
41:00 Thumb Ring
41:29 Imperial Skirmisher
42:33 Fletching
42:43 Padded Archer Armor
44:03 Bodkin Arrow
44:23 Leather Archer Armor
44:33 Ballistics
45:15 Chemistry
46:46 Bracer
47:16 Ring Archer Armor
48:08 Cavalier
61:30 Paladin
PariBlack
0:28 Loom
11:53 Feudal Age
17:12 Castle Age
15:40 Horse Collar
16:14 Double-Bit Axe
16:53 Stone Mining
16:56 Gold Mining
18:18 Heavy Plow
18:32 Bow Saw
29:00 Imperial Age
27:01 Scale Mail Armor
27:12 Forging
28:30 Fortified Wall
28:41 Chain Mail Armor
29:12 Iron Casting
30:06 Pikeman
30:48 Squires
32:24 Chemistry
31:53 Elite Skirmisher
33:14 Imperial Skirmisher
36:33 Halberdier
49:47 Fletching
49:58 Padded Archer Armor
50:56 Ballistics
50:53 Bodkin Arrow
51:25 Leather Archer Armor
56:05 Plate Mail Armor
58:58 Ring Archer Armor
61:05 Blast Furnace
WADS
0:32 Loom
10:40 Feudal Age
20:03 Castle Age
19:15 Wheelbarrow
18:54 Horse Collar
19:04 Double-Bit Axe
21:54 Hand Cart
21:45 Heavy Plow
21:57 Bow Saw
27:14 Padded Archer Armor
27:04 Fletching
27:28 Fortified Wall
26:59 Treadmill Crane
27:40 Ballistics
28:18 Gold Mining
28:21 Stone Mining
30:13 Elite Skirmisher
33:38 Imperial Age
31:22 Bodkin Arrow
32:29 Leather Archer Armor
31:54 Elite Skirmisher
32:56 Heated Shot
34:54 Guilds
35:15 Coinage
35:17 Ring Archer Armor
34:47 Bracer
34:48 Scale Mail Armor
34:59 Forging
35:54 Chemistry
34:52 Imperial Skirmisher
38:34 Banking
53:09 Pikeman
53:49 Squires
53:35 Arson
55:35 Iron Casting
55:16 Chain Mail Armor
55:26 Paper Money
55:43 Hoardings
Connection lost

Rejoining the realm…

Still unreachable

The connection could not be restored.

Session expired

The server has moved on; the page needs a fresh start.